 Dungeon Crawl Stone Soup version 0.27-a0-488-g88baaf19db (webtiles) character file.

Game seed: 4916195008256275224

194 tilp the Insei (level 5, -4/36 HPs)
             Began as an Octopode Transmuter on Mar 1, 2021.
             Killed from afar by an orc wizard (11 damage)
             ... with a puff of flame
             ... on level 3 of the Dungeon.
             The game lasted 00:04:41 (2685 turns).

tilp the Insei (Octopode Transmuter)                Turns: 2685, Time: 00:04:42

Health: -4/36      AC:  1    Str: 15    XL:     5   Next: 73%
Magic:  6/8        EV: 13    Int: 17    God:
Gold:   141        SH:  0    Dex: 12    Spells: 5/8 levels left

rFire    . . .     SeeInvis .     - Unarmed
rCold    + . .     Faith    .   (no shield)
rNeg     . . .     Spirit   .   (helmet currently unavailable)
rPois    .         Reflect  .   h - amulet of regeneration
rElec    .         Harm     .   g - ring of resist corrosion
rCorr    +         Rampage  .   i - +6 ring of strength
Will     .....                  p - ring of protection from cold
Stlth    +++.......             (no ring)
HPRegen  1.12/turn              (no ring)
MPRegen  0.11/turn              (no ring)
                                (no ring)
                                (no ring)

@: appendages (expiring), wereblooded
A: almost no armour, stealthy swim, amphibious, 8 rings, constrict 8, tentacle
spike 3, camouflage 1, gelatinous body 1
a: End Transformation


You were on level 3 of the Dungeon.
One of your tentacles had a temporary spike.
You visited 1 branch of the dungeon, and saw 3 of its levels.

You collected 141 gold pieces.

Inventory:

Missiles
 a - 81 stones
 k - 2 boomerangs (quivered)
 o - 8 javelins
Jewellery
 g - a ring of resist corrosion (left tentacle)
 h - an amulet of regeneration (around mantle)
 i - a +6 ring of strength (right tentacle)
 p - a ring of protection from cold (on tentacle)
Scrolls
 b - a scroll of identify
 l - 2 scrolls of enchant armour
Potions
 c - a potion of attraction
 m - a potion of might
 q - 2 potions of mutation
 s - a potion of ambrosia


   Skills:
 + Level 3.2 Fighting
 - Level 2.0 Dodging
 - Level 4.0 Stealth
 + Level 4.3 Unarmed Combat
 - Level 2.0 Spellcasting
 - Level 2.0 Transmutations


You had 5 spell levels left.
You knew the following spells:

 Your Spells              Type           Power        Failure   Level
a - Beastly Appendage     Tmut           16%          9%          1
b - Wereblood             Tmut           8%           13%         2

Your spell library contained the following spells:

 Spells                   Type           Power        Failure   Level
 Spider Form              Tmut/Pois      2%           36%         3
 Ice Form                 Ice/Tmut       5%           77%         4
 Blade Hands              Tmut           4%           93%         5


Dungeon Overview and Level Annotations

Branches:
Dungeon (3/15)

Altars:
Nemelex Xobeh


Innate Abilities, Weirdness & Mutations

You cannot wear most types of armour.
You are very stealthy in the water. (Stealth+)
You are amphibious.
You can wear up to eight rings at the same time.
You can use your tentacles to constrict eight enemies at once.
Your skin changes colour to match your surroundings (Stealth+).
Your rubbery body absorbs attacks. (AC +1, EV +1)
One of your tentacles bears a large vicious spike.


Message History

A magic dart appears from out of thin air!
The magic dart hits you.
You miss something. Your squeeze misses something.
Your transformation is almost over.
You constrict the orc, but do no damage.
Something hits you. The orc completely misses you.
You miss something.
Your tentacle spike misses something.
You constrict the orc.
You hear some strange, mumbled words.
You are confused.
The orc misses you.
Unknown command.
You bump into the rock wall.
You constrict the orc.
You kill the orc!
You hear some strange, mumbled words.
A puff of flame appears from out of thin air!
The puff of flame hits you!
* * * LOW HITPOINT WARNING * * *
Unknown command.
You bump into the rock wall.
An orc wizard comes into view. It is wielding a +0 dagger.
Something barely misses you.
Unknown command.
You barely miss something.
You pierce something.
Something hits you.
* * * LOW HITPOINT WARNING * * *
Unknown command.
You're too confused to move!
You hear the rusting of a very distant drain.
Something hits you.
* * * LOW HITPOINT WARNING * * *
Unknown command.
You feel better. Something hits you.
* * * LOW HITPOINT WARNING * * *
Unknown command.
You miss something. You squeeze something.
Reactivating autopickup.
You feel a bit more experienced. The orc wizard casts a spell at you.
The puff of flame hits you!
You die...

#. . .# ##. ... .....
... .#.## # ..# ... #.#
#.# #.# ...# #.#
######)##....## ## #.#
#......@)o.....
.####.####.....###o###.#
..##...........# #
..##.#####.....#
#.##.#####.....#
#.......########
##.#.##.# #$#.# # #.#..


You could see an orc wizard and an orc.

Vanquished Creatures
  Natasha (thrice) (D:2)
  Terence (D:2)
  An orc wizard (D:3)
  2 adders (D:2)
  An ooze (D:2)
  A worm (D:2)
  A dart slug (D:1)
  2 leopard geckos
  3 orcs (D:3)
  A ball python (D:2)
  6 bats
  3 giant cockroaches
  11 goblins
  3 hobgoblins (D:2)
  3 jackals (D:3)
  8 kobolds
  A quokka (D:2)
  5 frilled lizards
  9 rats
65 creatures vanquished.

Notes
Turn   | Place    | Note
-------+----------+-------------------------------------------
     0 | D:1      | tilp the Octopode Transmuter began the quest for the Orb.
     0 | D:1      | Reached XP level 1. HP: 13/13 MP: 3/3
    54 | D:1      | Reached skill level 1 in Stealth
   613 | D:1      | Reached XP level 2. HP: 13/18 MP: 5/5
   977 | D:1      | Learned a level 2 spell: Wereblood
  1341 | D:1      | Reached XP level 3. HP: 23/23 MP: 6/6
  1561 | D:2      | Found a sparkling altar of Nemelex Xobeh.
  1612 | D:2      | Noticed Terence
  1768 | D:2      | Reached XP level 4. HP: 11/29 MP: 5/7
  1829 | D:2      | Noticed Natasha
  1847 | D:2      | Killed Natasha
  2163 | D:2      | Noticed Natasha
  2171 | D:2      | Killed Natasha
  2172 | D:2      | Reached XP level 5. HP: 28/35 MP: 6/8
  2233 | D:2      | Noticed Natasha
  2244 | D:2      | Killed Natasha
  2434 | D:2      | Killed Terence
  2685 | D:3      | Killed from afar by an orc wizard

Illustrated notes

Levels and vault maps discovered:
D:1:      zaba_arrival_water, layout_basic, minivault_5, minivault_25
D:2:      layout_basic, nemelex_xobeh_ov_fountains_minmay,
          nicolae_underground_beach, uniq_terence, uniq_natasha
D:3:      layout_loops_cross, cheibrodos_sewer_entry_bend

Skill      XL: |  1  2  3  4  5 |
---------------+----------------+-----
Stealth        | 2 3 4 |  4.0
Fighting       | 2 3 |  3.2
Unarmed Combat | 4 |  4.3
Dodging        | |  2.0
Spellcasting   | |  2.0
Transmutations | |  2.0

Action                   |  1- 3 |  4- 6 || total
-------------------------+-------+-------++-------
Melee: Unarmed           |   100 |    62 ||   162
       Constrict         |    25 |    12 ||    37
       Tentacles         |    11 |    11 ||    22
       Punch             |     1 |     1 ||     2
       Kick              |     2 |    19 ||    21
Throw: Stone             |     2 |       ||     2
       Boomerang         |       |    11 ||    11
 Cast: Beastly Appendage |     4 |     9 ||    13
       Wereblood         |       |     4 ||     4
  Use: Scroll            |     4 |     7 ||    11
       Potion            |       |     1 ||     1
 Stab: Sleeping          |     7 |       ||     7
Armor: Skin              |     8 |     4 ||    12
Dodge: Dodged            |    55 |    39 ||    94

Table legend: (Time is in decaauts)
 A = Elapsed time spent in this place.
 B = Non-inter-level travel time spent in this place.
 C = Inter-level travel time spent in this place.
 D = Time resting spent in this place.
 E = Time spent auto-exploring this place.
 F = Levels seen in this place.
 G = Mean time per level.
                   A        B        C        D        E       F      G
               +--------+--------+--------+--------+--------+-----+--------+
         Total |   2681 |   2602 |     79 |    556 |   1538 |   3 |  893.7 |
       Dungeon |   2681 |   2602 |     79 |    556 |   1538 |   3 |  893.7 |
               +--------+--------+--------+--------+--------+-----+--------+

Top non-repeatable levels by time:
     D:1: 1475 daAuts
     D:2: 1001 daAuts
     D:3: 203 daAuts
